 Dungeon Crawl Stone Soup version 0.30-a0-422-g946f4849ff (webtiles) character file.

Game seed: 16630197697048714189

125 zishaf the Magician (level 5, -5/40 HPs)
             Began as a Djinni Venom Mage on Dec 8, 2022.
             Was a Follower of the Shining One.
             Slain by a gnoll
             ... wielding a +0 flail
              (7 damage)
             ... on level 3 of the Dungeon.
             The game lasted 00:03:51 (2204 turns).

zishaf the Magician (Djinni Venom Mage)             Turns: 2204, Time: 00:03:52

Health: -5/40      AC:  2    Str:  7    XL:     5   Next: 30%
Gold:   97         EV: 12    Int: 19    God:    the Shining One [*.....] SH:  0 Dex: 13

rFire   + + .      SeeInvis .    b - staff of cold
rCold   . . .      Faith    .    (no shield)
rNeg    . . .      Spirit   .    a - +0 robe
rPois   ∞          Reflect  .    (no helmet)
rElec   .          Harm     .    (no cloak)
rCorr   .          Rampage  .    (no gloves)
Will    .....                    (boots unavailable)
Stlth   +.........               (no amulet)
HPRegen 0.26/turn                (no ring)
MPRegen 0.00/turn                (no ring)

@: flying, glowing
A: sickness immunity, fire resistance 2, cold vulnerability 1, float, innate
caster, HP casting, extra vitality 1
a: Renounce Religion, Divine Shield


You were on level 3 of the Dungeon.
You worshipped the Shining One.
The Shining One was aware of your devotion.
You visited 1 branch of the dungeon, and saw 3 of its levels.

You collected 97 gold pieces.

Inventory:

Armour
 a - a +0 robe (worn)
Magical Staves
 b - a staff of cold (weapon)
Wands
 o - a wand of light (5)
Scrolls
 c - 3 scrolls of identify {unknown}
 e - 2 scrolls of teleportation {unknown}
 f - 4 scrolls of enchant weapon {unknown}
 h - 3 scrolls of amnesia {unknown}
 j - 2 scrolls of magic mapping {unknown}
 l - a scroll of summoning {unknown}
Potions
 d - a potion of cancellation {unknown}
 g - 2 potions of flight {unknown}
 i - a potion of curing {unknown}
 k - 2 potions of resistance {unknown}
 m - a potion of degeneration {unknown}
 n - a potion of lignification {unknown}


   Skills:
 + Level 3.0 Fighting
 - Level 2.1 Dodging
 - Level 1.5 Stealth
 + Level 3.4 Spellcasting
 + Level 0.7 Evocations


You couldn't memorise any spells.
You knew the following spells:

 Your Spells              Type           Power      Damage    Failure   Level
a - Sting                 Tmut/Pois      64%        1d6       3%          1
b - Poisonous Vapours     Pois/Air       32%        N/A       5%          2
c - Summon Small Mammal   Summ           64%        N/A       3%          1
z - Mephitic Cloud        Conj/Pois/Air  16%        N/A       11%         3
A - Olgreb's Toxic Radia  Pois           16%        N/A       34%         4
B - Static Discharge      Conj/Air       32%        2-4/arc   5%          2
Your spell library was empty.

Dungeon Overview and Level Annotations

Branches:
Dungeon (3/15)

Altars:
The Shining One

Shops:
D:1 =


Innate Abilities, Weirdness & Mutations

You are immune to sickness and miasma.
You are immune to poison.
Your flesh is very heat resistant. (rF++)
You are vulnerable to cold. (rC-)
You float through the air rather than walking.
You learn spells naturally, not from books.
Your magical power is your life essence.
You have superior vitality. (+4 MHP)


Message History

Casting: Sting (safe; 3% risk of failure)
Confirm with . or Enter, or press ? or * to list all spells.
Aiming: Poisonous Vapours (safe; 5% risk of failure)
Press: ? - help, Dir - move target, f - gnoll
Aim: a gnoll, wielding a +0 flail (wandering, hasn't noticed you) Poisonous vapours surround the gnoll!
The gnoll is poisoned.
The gnoll shouts!
* * * LOW HITPOINT WARNING * * *
Casting: Poisonous Vapours (safe; 5% risk of failure)
Confirm with . or Enter, or press ? or * to list all spells.
Aiming: Poisonous Vapours (safe; 5% risk of failure)
Press: ? - help, Dir - move target, f/p - gnoll
Aim: a gnoll, wielding a +0 flail (lightly wounded, poisoned) Poisonous vapours surround the gnoll!
The gnoll looks even sicker.
* * * LOW HITPOINT WARNING * * *
Casting: Poisonous Vapours (safe; 5% risk of failure)
Confirm with . or Enter, or press ? or * to list all spells.
Aiming: Poisonous Vapours (safe; 5% risk of failure)
Press: ? - help, Dir - move target, f/p - gnoll
Aim: a gnoll, wielding a +0 flail (lightly wounded, very poisoned) Poisonous vapours surround the gnoll!
The gnoll looks even sicker.
* * * LOW HITPOINT WARNING * * *
Casting: Poisonous Vapours (safe; 5% risk of failure)
Confirm with . or Enter, or press ? or * to list all spells.
Aiming: Poisonous Vapours (safe; 5% risk of failure)
Press: ? - help, Dir - move target, f/p - gnoll
Aim: a gnoll, wielding a +0 flail (moderately wounded, very poisoned, haloed) Poisonous vapours surround the gnoll!
The gnoll looks as sick as possible!
* * * LOW HITPOINT WARNING * * *
The gnoll barely misses you.
Casting: Poisonous Vapours (safe; 5% risk of failure)
Confirm with . or Enter, or press ? or * to list all spells.
Aiming: Poisonous Vapours (safe; 5% risk of failure)
Press: ? - help, Dir - move target, f/p - gnoll
Aim: a gnoll, wielding a +0 flail (moderately wounded, extremely poisoned, haloed) Poisonous vapours surround the gnoll!
The gnoll looks as sick as possible!
* * * LOW HITPOINT WARNING * * *
A gnoll comes into view. It is wielding a +0 club.
The gnoll hits you with a +0 flail!
You die...

##########
#.........
##########.########
.........#.##
.#######....#######
# #.##
#..........##.##
##.#
##...#..........
#.## ##.##..)..##.#
.## #.....)@....#
## ####....g##....
# #....... .. #
###.####g# # #.# #
############# #.#
............# #.#
####...####.# #.
........# #.#


You could see 2 gnolls.

Vanquished Creatures
  2 gnolls (D:3)
  3 adders (D:2)
  2 worms (D:2)
  3 dart slugs
  4 orcs (D:2)
  4 endoplasms
  A giant cockroach (D:2)
  4 goblins
  6 hobgoblins
  11 jackals
  A quokka (D:2)
  6 ball pythons
  2 bats (D:1)
  5 frilled lizards
  3 kobolds
  3 rats
60 creatures vanquished.

Notes
Turn   | Place    | Note
-------+----------+-------------------------------------------
     0 | D:1      | zishaf the Djinni Venom Mage began the quest for the Orb.
     0 | D:1      | zishaf set off with the following spells memorised: Sting,
                  | Poisonous Vapours, Mephitic Cloud, Olgreb's Toxic Radiance.
     0 | D:1      | Reached XP level 1. HP: 15/15 MP: 0/0
   217 | D:1      | Reached skill level 1 in Fighting
   217 | D:1      | Reached XP level 2. HP: 19/22 MP: 0/0
   231 | D:1      | Found Rewkivia's Jewellery Boutique.
   494 | D:1      | Reached XP level 3. HP: 26/27 MP: 0/0
   494 | D:1      | Learned a level 1 spell: Summon Small Mammal
  1007 | D:2      | Reached XP level 4. HP: 24/33 MP: 0/0
  1864 | D:2      | Reached XP level 5. HP: 34/39 MP: 0/0
  1864 | D:2      | Learned a level 2 spell: Static Discharge
  2013 | D:2      | Found a faded altar of an unknown god.
  2027 | D:2      | Prayed at the altar of an unknown god.
  2027 | D:2      | Became a worshipper of the Shining One
  2027 | D:2      | Reached * piety under the Shining One
  2204 | D:3      | Slain by a gnoll

Illustrated notes

Levels and vault maps discovered:
D:1:      dpeg_arrival_radiant, layout_basic, serial_rivers,
          chequers_serial_rivers_micro_b, chequers_serial_rivers_small_a,
          chequers_serial_rivers_micro_b, chequers_serial_rivers_micro_c,
          chequers_serial_rivers_room_a, chequers_serial_rivers_small_a,
          serial_shops, shop, dk_noncrumbling_4
D:2:      layout_basic, hellmonk_ecumenical_altar_defaced_shrine
D:3:      layout_loops_ring, fiery_altar_vehumet, roderic_serpentine_path

Skill      XL: |  1  2  3  4  5 |
---------------+----------------+-----
Fighting       | 1 2 3 |  3.0
Spellcasting   | 3 |  3.4
Dodging        | |  2.1
Stealth        | |  1.5
Evocations     | |  0.7

Action                   |  1- 3 |  4- 6 || total
-------------------------+-------+-------++-------
Melee: Staff             |     8 |       ||     8
 Cast: Sting             |    64 |    69 ||   133
       Poisonous Vapours |     2 |     5 ||     7
Armor: Robe              |     6 |     1 ||     7
Dodge: Dodged            |    22 |    32 ||    54

Table legend: (Time is in decaauts)
 A = Elapsed time spent in this place.
 B = Non-inter-level travel time spent in this place.
 C = Inter-level travel time spent in this place.
 D = Time resting spent in this place.
 E = Time spent auto-exploring this place.
 F = Levels seen in this place.
 G = Mean time per level.
                   A        B        C        D        E       F      G
               +--------+--------+--------+--------+--------+-----+--------+
         Total |   2204 |   2143 |     61 |     47 |   1769 |   3 |  734.7 |
       Dungeon |   2204 |   2143 |     61 |     47 |   1769 |   3 |  734.7 |
               +--------+--------+--------+--------+--------+-----+--------+

Top non-repeatable levels by time:
     D:2: 1097 daAuts
     D:1: 977 daAuts
     D:3: 129 daAuts
